 Dungeon Crawl Stone Soup version 0.26-a0-597-gb535b0901c (webtiles) character file.

Game seed: 5406881464276406520

501 Alarkh the Insei (level 6, -6/66 HPs)
             Began as a Demonspawn Gladiator on Sept 12, 2020.
             Mangled by an orc warrior
             ... wielding a +0 trident
              (8 damage)
             ... on level 3 of the Dungeon.
             The game lasted 00:02:55 (2759 turns).

Alarkh the Insei (Demonspawn Gladiator)             Turns: 2759, Time: 00:02:55

Health: -6/66      AC: 23    Str: 14    XL:     6   Next: 95%
Magic:  6/6        EV:  2    Int: 17    God:
Gold:   145        SH:  0    Dex: 15    Spells: 5/5 levels left

rFire    . . .     SeeInvis .     - Unarmed
rCold    . . .     Faith    .   (no shield)
rNeg     + + +     Spirit   .   (armour currently unavailable)
rPois    +         Reflect  .   (helmet currently unavailable)
rElec    .         Harm     .   (cloak currently unavailable)
rCorr    .         NoTele   +   (gloves currently unavailable)
MR       .....                  (boots currently unavailable)
Stlth    +.........             o - amulet of magic regeneration (curse)
HPRegen  0.21/turn              h - +6 ring of intelligence
MPRegen  0.35/turn              (no ring)

@: tree-form
A: no striking features
a: no special abilities


You were on level 3 of the Dungeon.
You were a tree.
You visited 1 branch of the dungeon, and saw 4 of its levels.

You collected 145 gold pieces.

Inventory:

Missiles
 c - 5 throwing nets (quivered)
Armour
 a - a +0 leather armour
 b - a +0 helmet (melded)
 i - a cursed +0 ring mail (melded)
Jewellery
 g - an uncursed ring of ice
 h - a +6 ring of intelligence (left branch)
 o - a cursed amulet of magic regeneration (around neck)
Scrolls
 d - 3 scrolls of identify {unknown}
 f - a scroll of amnesia {unknown}
 j - a scroll of enchant weapon {unknown}
 l - a scroll of magic mapping {unknown}
 n - a scroll of random uselessness {unknown}
 q - a scroll of remove curse {unknown}
 r - a scroll of immolation {unknown}
 s - a scroll of teleportation {unknown}
Potions
 k - a potion of might {unknown}
 m - 2 potions of heal wounds {unknown}
 p - 2 potions of curing {unknown}


   Skills:
 - Level 2.0 Fighting
 - Level 1.7 Throwing
 - Level 2.6 Dodging
 + Level 7.2 Unarmed Combat


You had 5 spell levels left.
You didn't know any spells.
Your spell library was empty.

Dungeon Overview and Level Annotations

Branches:
Dungeon (4/15)
 Temple: D:4-7

Altars:
Gozag
Okawaru
Sif Muna
Yredelemnul
Zin


Innate Abilities, Weirdness & Mutations

((You have very sharp fingernails.))
((You are partially covered in sharp spines.))


Message History

Things that are here:
a +0 robe; a +0 dagger You aren't carrying any items that you can evoke.
Okay, then.
Really quaff the potion of lignification?
You turn into a tree.
Your +0 helmet melds into your body.
Your cursed +0 ring mail melds into your body.
Your roots penetrate the ground.
You smack the orc warrior!
The orc warrior is moderately wounded.
The orc warrior hits you with a +0 trident!
* * * LOW HITPOINT WARNING * * *
You barely miss the orc warrior.
The orc warrior is moderately wounded.
The orc warrior hits you with a +0 trident.
* * * LOW HITPOINT WARNING * * *
You smack the orc warrior!
The orc warrior is heavily wounded.
The orc warrior hits you with a +0 trident!
You die...

.............#....†>[........#...
..................[[.........)...
.............#...................
.................................
>)...#.......o.....#.........##..
######.####.####.#(..........##..
#.##.....##.........######.#
#.#.....o.#.###.....######.#
#.#.......#♣# #.........##.#
#....._...o.# #......##....#
#.#.......#.# #.####.####...
#.#.......#.# #.## #.# ##.#
#.##.....##.###..# #.# #.#
#.####.####...##.###(# ##..
#...........#[.......# #..#
###........######.#..####...
#.#.....## #..#........


You could see an orc warrior.

Vanquished Creatures
  Grinder (D:3)
  2 hounds (D:4)
  3 orc wizards
  Robin (D:2)
  3 gnolls (D:3)
  3 adders
  5 worms (D:3)
  A dart slug (D:4)
  4 leopard geckos
  4 orcs
  5 giant cockroaches
  11 goblins
  9 hobgoblins
  4 jackals (D:3)
  3 kobolds
  A quokka (D:2)
  A ball python (D:3)
  4 bats
  7 frilled lizards
  4 rats
76 creatures vanquished.

Notes
Turn   | Place    | Note
-------+----------+-------------------------------------------
     0 | D:1      | Alarkh the Demonspawn Gladiator began the quest for the
                  | Orb.
     0 | D:1      | Reached XP level 1. HP: 16/16 MP: 1/1
    26 | D:1      | Reached skill level 3 in Unarmed Combat
   263 | D:1      | Gained mutation: You are partially covered in sharp spines.
                  | [demonic ancestry]
   263 | D:1      | Reached XP level 2. HP: 22/22 MP: 2/2
   856 | D:2      | Gained mutation: You have sharp fingernails. [demonic
                  | ancestry]
   856 | D:2      | Reached XP level 3. HP: 22/27 MP: 3/3
   859 | D:2      | Found an iron altar of Okawaru.
   916 | D:2      | Noticed Robin
   918 | D:2      | Reached skill level 4 in Unarmed Combat
  1438 | D:2      | Killed Robin
  1438 | D:2      | Gained mutation: You have very sharp fingernails. [demonic
                  | ancestry]
  1438 | D:2      | Reached XP level 4. HP: 30/33 MP: 4/4
  1479 | D:2      | Found a glowing silver altar of Zin.
  1543 | D:2      | Found a shimmering blue altar of Sif Muna.
  1543 | D:2      | Found an opulent altar of Gozag.
  1880 | D:3      | Noticed Grinder
  1895 | D:3      | Killed Grinder
  1895 | D:3      | Reached skill level 6 in Unarmed Combat
  1895 | D:3      | Reached XP level 5. HP: 38/38 MP: 5/5
  1895 | D:3      | Reached XP level 6. HP: 44/44 MP: 6/6
  2039 | D:3      | Found a basalt altar of Yredelemnul.
  2369 | D:4      | Reached skill level 7 in Unarmed Combat
  2391 | D:4      | Noticed an orc warrior
  2758 | D:3      | HP: 2/66 [orc warrior/+0 trident (3)]
  2759 | D:3      | Mangled by an orc warrior

Illustrated notes

Levels and vault maps discovered:
D:1:      minmay_arrival_checkered_box, layout_basic, minivault_25
D:2:      layout_rooms, marbit_many_paths, lemuel_coloured_pillars_altar,
          gammafunk_temple_overflow_statue, uniq_robin
D:3:      layout_rooms, old_standard_altar, uniq_grinder
D:4:      layout_rooms, nicolae_overflow_crystal_walls, lemuel_round_altar

Skill      XL: |  1  2  3  4  5  6 |
---------------+-------------------+-----
Unarmed Combat | 3 4 6 7 |  7.2
Fighting       | |  2.0
Throwing       | |  1.7
Dodging        | |  2.6

Action                   |  1- 3 |  4- 6 || total
-------------------------+-------+-------++-------
Melee: Unarmed           |    88 |   109 ||   197
       Punch             |     3 |     2 ||     5
  Use: Potion            |       |     2 ||     2
Armor: Leather armour    |    11 |       ||    11
       Ring mail         |    13 |    33 ||    46
       Skin              |       |     6 ||     6
Dodge: Dodged            |    47 |    64 ||   111

Table legend: (Time is in decaauts)
 A = Elapsed time spent in this place.
 B = Non-inter-level travel time spent in this place.
 C = Inter-level travel time spent in this place.
 D = Time resting spent in this place.
 E = Time spent auto-exploring this place.
 F = Levels seen in this place.
 G = Mean time per level.
                   A        B        C        D        E       F      G
               +--------+--------+--------+--------+--------+-----+--------+
         Total |   2744 |   2547 |    197 |    712 |   1377 |   4 |  686.0 |
       Dungeon |   2744 |   2547 |    197 |    712 |   1377 |   4 |  686.0 |
               +--------+--------+--------+--------+--------+-----+--------+

Top non-repeatable levels by time:
     D:3: 1042 daAuts
     D:1: 967 daAuts
     D:2: 629 daAuts
     D:4: 105 daAuts
